 Dungeon Crawl Stone Soup version 0.31-a0-1096-g246cf0196b (webtiles) character file.

Game seed: 7784445899697078421

112 Dirtsage the Changeling (level 4, 0/29 HPs)
             Began as an Octopode Shapeshifter on Nov 29, 2023.
             Slain by a gnoll bouda
             ... wielding a +0 whip
              (10 damage)
             ... on level 2 of the Dungeon.
             The game lasted 00:02:29 (1416 turns).

Dirtsage the Changeling (Octopode Shapeshifter)     Turns: 1416, Time: 00:02:30

Health: 0/29       AC:  1    Str: 13    XL:     4   Next: 95%
Magic:  4/4        EV: 13    Int: 12    God:
Gold:   145        SH:  0    Dex: 13    Spells: 3/3 levels left

rFire   . .          .
                       - Unarmed
rCold   . . .        (no shield)
rNeg    . . .        (helmet currently unavailable)
rPois   .            (no amulet)
rElec   .            (no ring)
rCorr   .            (no ring)
SInv    .            (no ring)
Will    .....        (no ring)
Stlth   ++           (no ring)
HPRegen 0.24/turn    (no ring)
MPRegen 0.09/turn    (no ring)
                     (no ring)

%: no passive effects
@: beast-form
A: beast (slay +2), almost no armour, amphibious, 8 rings, camouflage 1,
gelatinous body 1, (nimble swimmer 1), tentacles
a: Begin Untransformation


You were on level 2 of the Dungeon.
You were a hulking beast.
You visited 1 branch of the dungeon, and saw 3 of its levels.

You collected 145 gold pieces.

Inventory:

Missiles
 j - 5 curare-tipped darts
Talismans
 b - a beast talisman
 c - a flux talisman
 g - a beast talisman
Wands
 k - a wand of flame (27)
Scrolls
 d - 5 scrolls of identify {unknown}
 f - 2 scrolls of noise {unknown}
 i - a scroll of summoning {unknown}
Potions
 a - a potion of lignification
 e - a potion of mutation {unknown}
 h - a potion of haste {unknown}


   Skills:
 + Level 2.3 Fighting
 - Level 2.0 Dodging
 + Level 3.7 Unarmed Combat
 * Level 4.2 Shapeshifting


You had 3 spell levels left.
You didn't know any spells.
Your spell library was empty.

Dungeon Overview and Level Annotations

Branches:
Dungeon (3/15)

Altars:
Trog

Shops:
D:2 (


Innate Abilities, Weirdness & Mutations

You are a hulking beast.
Your limbs bulge with bestial killing power. (Slay +2)
You cannot wear most types of armour.
You are amphibious.
You can wear up to eight rings at the same time.
Your skin changes colour to match your surroundings (Stealth+).
Your rubbery body absorbs attacks. (AC +1, EV +1)
((You are camouflaged when in or above water. (Stealth+)))
You have tentacles for arms and can constrict up to eight enemies at once.


Message History

The gnoll bouda is heavily wounded.
You constrict the gnoll bouda, but do no damage.
The gnoll bouda hits you with a +0 whip!
The gnoll shouts!
You take 13 damage, and have 16/29 hp.
MASSIVE DAMAGE!!
You are too injured to fight recklessly!
You tentacle-slap the gnoll bouda.
The gnoll bouda is severely wounded.
You constrict the gnoll bouda.
The gnoll shouts!
A gnoll comes into view. It is wielding a +0 club.
The gnoll bouda prays to its god.
The gnoll bouda is healed somewhat.
The gnoll shouts!
You release your grip on the gnoll bouda.
The gnoll bouda barks out a call to the hunt!
The gnoll picks up the pace!
There is a bloodstained altar of Trog here.
The gnoll bouda barks out a call to the hunt!
There is a stone staircase leading up here.
The gnoll closely misses you.
The gnoll bouda hits you with a +0 whip!
You climb upwards.
There is a stone staircase leading down here.
You take 7 damage, and have 12/29 hp.
MASSIVE DAMAGE!!
You tentacle-slap the gnoll bouda but do no damage.
You grab the gnoll bouda.
The gnoll bouda is heavily wounded.
You constrict the gnoll bouda, but do no damage.
The gnoll bouda hits you with a +0 whip.
You take 3 damage, and have 9/29 hp.
You tentacle-slap the gnoll bouda.
The gnoll bouda is severely wounded.
You constrict the gnoll bouda, but do no damage.
You tentacle-slap the gnoll bouda but do no damage.
You squeeze the gnoll bouda, but do no damage.
The gnoll bouda is severely wounded.
You constrict the gnoll bouda.
The gnoll bouda hits you with a +0 whip!
You die...

#..†.(.............
########...#.....>.
###......... ##........
##################........
##.........................
##.....<......######........
#...............>..##.......
#..........h...###...#......
#...........g..............<
#..............#######.....#
#.............(.....#####..#
##..........).......# #...
##.................#####..#
########.................#
########..........##...#.#
#........#..########.#.#.#


You could see a gnoll bouda.

Vanquished Creatures
  Terence (D:2)
  2 adders (D:2)
  2 worms (D:2)
  2 dart slugs (D:2)
  9 ball pythons
  3 bats
  5 endoplasms
  A giant cockroach (D:2)
  6 goblins
  5 hobgoblins
  3 jackals (D:2)
  4 kobolds
  A quokka (D:1)
  7 frilled lizards (D:1)
  4 rats
55 creatures vanquished.

Notes
Turn   | Place    | Note
-------+----------+-------------------------------------------
     0 | D:1      | Dirtsage the Octopode Shapeshifter began the quest for the
                  | Orb.
     0 | D:1      | Reached XP level 1. HP: 13/13 MP: 1/1
    42 | D:1      | Reached XP level 2. HP: 12/18 MP: 2/2
   271 | D:1      | Reached XP level 3. HP: 18/23 MP: 3/3
   879 | D:2      | Reached XP level 4. HP: 29/29 MP: 4/4
  1027 | D:2      | Noticed Terence
  1042 | D:2      | Killed Terence
  1043 | D:2      | Reached skill level 4 in Shapeshifting
  1297 | D:2      | Found Hesoculi's Antique Weapon Boutique.
  1386 | D:3      | Found a bloodstained altar of Trog.
  1416 | D:2      | Slain by a gnoll bouda

Illustrated notes

Levels and vault maps discovered:
D:1:      minmay_arrival_four_houses, layout_basic, minmay_lizard_pond
D:2:      layout_rooms, serial_shops, nicolae_lakefront_shop, uniq_terence
D:3:      layout_loops_ring, trog_three_pillars_becter,
          nicolae_ecumenical_lake_church, ebering_ghost_reflecting_pool,
          solitary_fountain

Skill      XL: |  1  2  3  4 |
---------------+-------------+-----
Fighting       | 2 |  2.3
Shapeshifting  | 4 |  4.2
Dodging        | |  2.0
Unarmed Combat | |  3.7

Action                     |  1- 3 |  4- 6 || total
---------------------------+-------+-------++-------
  Melee: Unarmed           |    77 |    36 ||   113
         Constrict         |    19 |    11 ||    30
         Tentacles         |    10 |     8 ||    18
         Punch             |     4 |       ||     4
   Stab: Sleeping          |     7 |     4 ||    11
 Armour: Skin              |    19 |    12 ||    31
  Dodge: Dodged            |    34 |    14 ||    48

Table legend: (Time is in decaauts)
 A = Elapsed time spent in this place.
 B = Non-inter-level travel time spent in this place.
 C = Inter-level travel time spent in this place.
 D = Time resting spent in this place.
 E = Time spent auto-exploring this place.
 F = Levels seen in this place.
 G = Mean time per level.
                   A        B        C        D        E       F      G
               +--------+--------+--------+--------+--------+-----+--------+
         Total |   1409 |   1310 |     99 |      0 |    989 |   3 |  469.7 |
       Dungeon |   1409 |   1310 |     99 |      0 |    989 |   3 |  469.7 |
               +--------+--------+--------+--------+--------+-----+--------+

Top non-repeatable levels by time:
     D:2: 689 daAuts
     D:1: 685 daAuts
     D:3: 34 daAuts
